cohdb
Replays
Latest Replays
All Replays
Popular Replays
Top Player Replays
Match Explorer
How It Works
Community
CoH3 Stats
Reddit
Sign in to upload your games and track your stats! →
Sign in with Steam
Match 25611404
Unlisted
Match 25611404
Overview
Messages
Build Orders
End
Panzergrenadier Squad
Selects Battlefield Espionage Battlegroup
Selects Sector Subterfuge Beacon
Panzergrenadier Squad
Construct Light Support Kompanie
Assault Grenadier Squad
Selects 250/3 Funkpanzerwagen
Fire Support Elements
Flakvierling Half-track
Pak 38 Mechanized Group
2.5-tonne Medical Truck
Selects Anti-Tank Incendiary Munitions
Veteran Squad Leaders
Construct Panzerarmee Kommand
Selects Transfer Depots
Armored Reserves
Tiger Heavy Tank
Devoli
ConcernedApe
Flekz127
Einherjer
0
0
Comments
sign in to comment!
No comments posted yet!